 Dungeon Crawl Stone Soup version 0.27-a0-1565-gad902ab807 (webtiles) character file.

Game seed: 12746424947505865434

35 gimp the Skirmisher (level 3, 30/30 HPs)
             Began as a Formicid Monk on July 16, 2021.
             Was a Believer of Vehumet.
             Quit the game on level 1 of the Dungeon.
             The game lasted 00:02:48 (1192 turns).

gimp the Skirmisher (Formicid Monk)                 Turns: 1192, Time: 00:02:49

Health: 30/30      AC:  2    Str: 16    XL:     3   Next: 55%
Magic:  3/3        EV: 12    Int:  9    God:    Vehumet [**....]
Gold:   54         SH:  0    Dex: 13    Spells: 2/2 levels left

rFire    . . .     SeeInvis +   a - +0 hand axe
rCold    . . .     Faith    .   (no shield)
rNeg     . . .     Spirit   .   b - +0 robe
rPois    .         Reflect  .   (helmet unavailable)
rElec    .         Harm     .   (no cloak)
rCorr    .         Rampage  .   (no gloves)
Will     .....                  (no boots)
Stlth    ++........             (no amulet)
HPRegen  0.10/turn              (no ring)
MPRegen  0.08/turn              (no ring)

@: no status effects
A: permanent stasis, dig shafts and tunnels, antennae 3, four strong arms
a: Dig, Shaft Self, Renounce Religion


You were on level 1 of the Dungeon.
You worshipped Vehumet.
Vehumet was pleased with you.
You visited 1 branch of the dungeon, and saw 1 of its levels.

You collected 54 gold pieces.

Inventory:

Hand Weapons
 a - a +0 hand axe (weapon)
Armour
 b - a +0 robe (worn)
Scrolls
 c - a scroll of summoning {unknown}
 d - a scroll of teleportation {unknown}
 e - a scroll of magic mapping {unknown}
 f - a scroll of blinking {unknown}


   Skills:
 + Level 3.8 Fighting
 + Level 3.5 Axes
 + Level 1.6 Armour
 - Level 2.6 Dodging
 - Level 2.4 Stealth


You had 2 spell levels left.
You didn't know any spells.
Your spell library was empty.

Dungeon Overview and Level Annotations

Branches:
Dungeon (1/15)

Altars:
Vehumet


Innate Abilities, Weirdness & Mutations

You cannot be hasted, slowed, berserked, paralysed or teleported.
You can dig through walls and to a lower floor.
You have a pair of large antennae on your head. (SInv)
Your four strong arms can wield two-handed weapons with a shield.


Message History

You barely miss the bat. The bat hits you but does no damage.
The bat barely misses you. The bat hits you but does no damage.
You hit the bat.
The bat is moderately wounded.
The bat barely misses you. The bat misses you. The bat closely misses you.
The bat hits you.
You take 1 damage, and have 29/30 hp.
You hit the bat but do no damage.
The bat is moderately wounded.
The bat barely misses you.
You barely miss the bat.
The bat is moderately wounded.
The bat hits you but does no damage.
No target in view!
No target in view!
No target in view!
No target in view!
The bat hits you.
You take 1 damage, and have 28/30 hp.
The bat barely misses you.
You slash the bat!
You kill the bat!
Vehumet accepts your kill.
No target in view!
No target in view!
You see here a bat corpse.
The eye of devastation turns its gaze towards you.
The golden eye turns its gaze towards you.
The floating eye turns its gaze towards you.
There is an open door here.
You see here a +0 dagger.
There is an open door here.
You see here a +0 dagger.
The eye of devastation turns its gaze towards you.
Partly explored, can't reach some places.
Health restored: 30 Partly explored, can't reach some places.
Partly explored, can't reach some places.
Are you sure you want to abandon this character and quit the game? (Confirm with "yes".)

#.####........###
#.#.....^........
#.#.##.######....
########.#.##.### #....
#...............# #....
#.##..###...###.# ####.
#.##..#G#...#G#.# #.
#.##..###...###.########
#.##...@.............# #
#..)......_.....###### #
########.............# #
#.........###...###..#####
#
#.######..#G#...#G#......#
#
#.#######.###...###..#####
# #.#..................# #
#.#.#................# #
#.#.#.#####..........# #


You could see an eye of devastation, 2 floating eyes and a golden eye.

Vanquished Creatures
  A dart slug (D:1)
  2 bats (D:1)
  3 endoplasms (D:1)
  4 giant cockroaches (D:1)
  7 jackals (D:1)
  A quokka (D:1)
  2 ball pythons (D:1)
  2 frilled lizards (D:1)
  4 goblins (D:1)
  2 rats (D:1)
28 creatures vanquished.

Notes
Turn   | Place    | Note
-------+----------+-------------------------------------------
     0 | D:1      | gimp the Formicid Monk began the quest for the Orb.
     0 | D:1      | Reached XP level 1. HP: 18/18 MP: 1/1
    60 | D:1      | Reached XP level 2. HP: 21/24 MP: 2/2
   142 | D:1      | Reached skill level 1 in Armour
   687 | D:1      | Reached XP level 3. HP: 30/30 MP: 3/3
   692 | D:1      | Noticed a floating eye
   695 | D:1      | Noticed a golden eye
   697 | D:1      | Found a faded altar of an unknown god.
   698 | D:1      | Noticed an eye of devastation
   698 | D:1      | Noticed a floating eye
   913 | D:1      | Became a worshipper of Vehumet
   913 | D:1      | Reached * piety under Vehumet
   913 | D:1      | Offered knowledge of Sandblast by Vehumet.
   913 | D:1      | Reached ** piety under Vehumet
  1192 | D:1      | Quit the game

Illustrated notes

Levels and vault maps discovered:
D:1:      lightli_molten_gateway, layout_basic,
          hellmonk_ecumenical_altar_watching_god, roderic_roman_lattice,
          minmay_small_reverse_x

Skill      XL: |  1  2 |
---------------+-------+-----
Armour         | 1 |  1.6
Fighting       | |  3.8
Axes           | |  3.5
Dodging        | |  2.6
Stealth        | |  2.4

Action                   || total
-------------------------++-------
Melee: Hand axe          ||    83
 Abil: Dig               ||     1
 Stab: Sleeping          ||     2
Armor: Robe              ||    25
Dodge: Dodged            ||    83

Table legend: (Time is in decaauts)
 A = Elapsed time spent in this place.
 B = Non-inter-level travel time spent in this place.
 C = Inter-level travel time spent in this place.
 D = Time resting spent in this place.
 E = Time spent auto-exploring this place.
 F = Levels seen in this place.
 G = Mean time per level.
                   A        B        C        D        E       F      G
               +--------+--------+--------+--------+--------+-----+--------+
         Total |   1203 |   1203 |      0 |      0 |    990 |   1 | 1203.0 |
       Dungeon |   1203 |   1203 |      0 |      0 |    990 |   1 | 1203.0 |
               +--------+--------+--------+--------+--------+-----+--------+

Top non-repeatable levels by time:
     D:1: 1203 daAuts
